 Dungeon Crawl Stone Soup version 0.30.1-4-g462c640d31 (webtiles) character file.

Game seed: 2885582571851116261

5177 Gorgoleon the Grappler (level 10, 0/88 (91) HPs)
             Began as a Troll Fighter on Aug 17, 2023.
             Slain by an orange demon (6 damage)
             ... led by Amaemon
             ... on level 9 of the Dungeon.
             The game lasted 00:21:36 (7175 turns).

Gorgoleon the Grappler (Troll Fighter)              Turns: 7175, Time: 00:21:36

HP:   0/88 (91)     AC:  5    Str: 30    XL:     10   Next: 34%
MP:   9/9           EV: 15    Int:  4    God:
Gold: 1657          SH:  0    Dex:  9    Spells: 9/9 levels left

rFire   + .          .
                       - Unarmed
rCold   + + .        b - +0 kite shield
rNeg    . . .        a - +0 robe
rPois   +            u - +1 hat
rElec   +            (no cloak)
rCorr   +            (gloves unavailable)
SInv    .            (boots unavailable)
Will    .....        (no amulet)
Stlth   +            t - +5 ring of evasion
HPRegen 1.14/turn    i - ring of protection from cold
MPRegen 0.11/turn

%: no passive effects
@: confused, mighty, lethally poisoned (0 -> -7), resistant, ambrosia-drunk,
studying Throwing, lightly drained
A: large, unfitting armour, claws 3, regeneration 1, shaggy fur 1, tough skin 1
a: no special abilities


You were on level 9 of the Dungeon.
You visited 2 branches of the dungeon, and saw 10 of its levels.

You collected 1762 gold pieces.
You spent 105 gold pieces at shops.

Inventory:

Missiles
 c - 4 curare-tipped darts
 g - 4 boomerangs
 h - 71 stones (quivered)
 k - 3 poisoned darts
 m - 2 throwing nets
 v - 5 large rocks
Armour
 a - a +0 robe (worn)
 b - a +0 kite shield (worn)
 u - a +1 hat (worn)
Jewellery
 i - a ring of protection from cold (right claw)
 l - a ring of ice
 t - a +5 ring of evasion (left claw)
Wands
 e - a wand of roots (2)
Scrolls
 j - 6 scrolls of teleportation
 n - 2 scrolls of identify
 p - a scroll of brand weapon
Potions
 f - 2 potions of flight
 q - 6 potions of curing
 r - a potion of invisibility


   Skills:
 + Level 3.6 Fighting
 - Level 5.0 Throwing
 - Level 5.0 Dodging
 - Level 5.0 Shields
 + Level 12.5 Unarmed Combat


You had 9 spell levels left.
You didn't know any spells.
Your spell library contained the following spells:

 Spells                   Type           Power      Damage    Failure   Level
 Magic Dart               Conj           0%         1d3       71%         1
 Summon Small Mammal      Summ           0%         N/A       71%         1
 Lesser Beckoning         Tloc           0%         N/A       83%         2
 Searing Ray              Conj           0%         2d4       83%         2
 Call Canine Familiar     Summ           0%         N/A       97%         3
 Gell's Gravitas          Tloc           0%         N/A       97%         3
 Summon Guardian Golem    Hex/Summ       0%         N/A       97%         3
 Teleport Other           Tloc           0%         N/A       97%         3
 Vhi's Electric Charge    Tloc/Air       0%         N/A       97%         3
 Fulminant Prism          Conj/Hex       0%         3d5       100%        4
 Arcjolt                  Conj/Air       0%         1d10      100%        5
 Maxwell's Capacitive Co  Air            0%         ∞         100%        8


Dungeon Overview and Level Annotations

Branches:
Dungeon (9/15)             Temple (1/1) D:6            Lair (0/5) D:8
    Orc: D:9-12

Altars:
Elyvilon
Fedhas
Gozag
Hepliaklqana
Kikubaaqudgha
Makhleb
Qazlal
Ru
Sif Muna
Trog
Vehumet
Wu Jian
Xom
Yredelemnul
Zin
The Shining One

Shops:
D:2 *   D:7 *   D:8 (

Annotations:
D:5 1 runed translucent door, Crazy Yiuf
D:9 Amaemon


Innate Abilities, Weirdness & Mutations

You are too large for most types of armour.
You have claws for hands.
Your natural rate of healing is unusually fast.
You are covered in fur. (AC +1)
You have tough skin. (AC +1)


Message History

You feel very sick. The orange demon barely misses you.
Something foul drips from Amaemon's claws.
Amaemon hits you with a -1 demon whip of venom!
Amaemon misses you. x2
You miss Amaemon.
You feel very sick. You block Amaemon's attack. Amaemon barely misses you.
Amaemon tail-slaps you but does no damage.
The orange demon stings you from afar.
You mangle Amaemon!!
Amaemon is lightly wounded.
You feel sick.
Amaemon casts a spell at the orange demon.
The orange demon seems to grow toxic.
You block the orange demon's attack.
You feel protected.
You feel very sick. The orange demon stings you from afar! Amaemon misses you.
Amaemon claws you. Amaemon tail-slaps you.
You are confused.
You feel invigorated.
You feel sick. The orange demon stings you from afar.
Amaemon hits you with a -1 demon whip of venom!
* * * LOW HITPOINT WARNING * * *
You are more poisoned.
Amaemon claws you.
* * * LOW HITPOINT WARNING * * *
Amaemon tail-slaps you but does no damage.
You bump into the rock wall.
You feel very sick. The orange demon closely misses you.
Amaemon hits you with a -1 demon whip of venom!
* * * LOW HITPOINT WARNING * * *
Amaemon barely misses you. Amaemon tail-slaps you.
* * * LOW HITPOINT WARNING * * *
You bump into the rock wall.
* * * LOW HITPOINT WARNING * * *
You feel very sick.
Amaemon gestures wildly while chanting.
The orange demon stings you from afar.
You die... ##+### #.... 4ss

######..#
#######6####<.......
#......@.s.#........
#..........#........
#..........+........
#..........###.##.##
#######......#+##.###
#......#.......
#......'.......
#......#.......
#......#.......


You could see Amaemon, an orange demon (curare) and 3 scorpions.

Vanquished Creatures
  Gastronok (D:8)
  Pikel (D:4)
  Psyche (D:8)
  A hornet (D:7)
  Prince Ribbit (D:5)
  Eustachio (D:4)
  Menkaure (D:4)
  Edmund (D:4)
  A sky beast (D:8)
  3 orc warriors
  2 black bears
  2 phantoms
  A centaur (D:8)
  An ogre (D:7)
  A kobold brigand (D:6)
  2 bullfrogs
  2 scorpions (D:5)
  10 wights
  5 killer bees (D:8)
  A howler monkey (D:6)
  4 hounds
  2 orc priests
  4 sleepcaps
  Jessica (D:2)
  3 iguanas
  Ijyb (D:4)
  2 orc wizards (D:6)
  7 gnolls
  5 adders
  2 white imps
  2 worms
  5 dart slugs
  13 orcs
  8 endoplasms
  3 giant cockroaches
  10 goblins
  10 hobgoblins
  5 jackals
  A quokka (D:3)
  3 training dummies (D:8)
  5 ball pythons
  2 bats (D:1)
  4 frilled lizards
  13 kobolds
  3 rats
157 creatures vanquished.

Notes
Turn   | Place    | Note
-------+----------+-------------------------------------------
     0 | D:1      | Gorgoleon the Troll Fighter began the quest for the Orb.
     0 | D:1      | Reached XP level 1. HP: 22/22 MP: 0/0
   107 | D:1      | Reached XP level 2. HP: 29/29 MP: 1/1
   239 | D:1      | Reached skill level 3 in Unarmed Combat
   569 | D:1      | Reached XP level 3. HP: 36/36 MP: 2/2
  1066 | D:2      | Noticed Jessica
  1073 | D:2      | Killed Jessica
  1074 | D:2      | Reached skill level 4 in Unarmed Combat
  1074 | D:2      | Reached XP level 4. HP: 43/44 MP: 3/3
  1114 | D:2      | Found Bianun's General Store.
  1182 | D:2      | Found a faded altar of an unknown god.
  1865 | D:3      | Reached skill level 5 in Unarmed Combat
  2131 | D:3      | Found a blossoming altar of Fedhas.
  2468 | D:3      | Reached XP level 5. HP: 28/50 MP: 4/4
  2498 | D:4      | Noticed Ijyb
  2505 | D:4      | Noticed Eustachio
  2604 | D:4      | Killed Ijyb
  2810 | D:4      | Reached skill level 6 in Unarmed Combat
  2854 | D:4      | Identified a scroll of acquirement
  2854 | D:4      | Acquired 1202 gold pieces
  2879 | D:4      | Noticed Menkaure
  2882 | D:4      | Noticed a black bear
  2883 | D:4      | Killed Menkaure
  2884 | D:4      | Reached XP level 6. HP: 59/59 MP: 5/5
  2890 | D:4      | Reached skill level 7 in Unarmed Combat
  3074 | D:4      | Killed Eustachio
  3075 | D:4      | Reached XP level 7. HP: 58/66 MP: 6/6
  3160 | D:4      | Noticed Edmund
  3175 | D:4      | Killed Edmund
  3176 | D:4      | Reached skill level 1 in Throwing
  3176 | D:4      | Reached skill level 8 in Unarmed Combat
  3269 | D:5      | Entered Level 5 of the Dungeon
  3269 | D:5      | Noticed Pikel
  3450 | D:4      | Killed Pikel
  3451 | D:4      | Reached skill level 9 in Unarmed Combat
  3451 | D:4      | Reached XP level 8. HP: 39/74 MP: 7/7
  3494 | D:5      | Reached skill level 10 in Unarmed Combat
  3508 | D:5      | Noticed Prince Ribbit
  3544 | D:5      | Killed Prince Ribbit
  4043 | D:5      | Found a runed translucent door.
  4046 | D:5      | Noticed Crazy Yiuf
  4167 | D:6      | Reached XP level 9. HP: 36/75 MP: 8/8
  4548 | D:6      | Found a staircase to the Ecumenical Temple.
  4557 | Temple   | Entered the Ecumenical Temple
  4859 | D:6      | Found a glowing golden altar of the Shining One.
  5420 | D:7      | Found a flagged portal.
  5515 | D:7      | Reached skill level 11 in Unarmed Combat
  5622 | D:7      | Found an opulent altar of Gozag.
  5622 | D:7      | Found Gozag's Platinum Reserve.
  6188 | D:8      | Acquired a manual of Throwing
  6266 | D:8      | Found a stormy altar of Qazlal.
  6449 | D:8      | Noticed Psyche
  6452 | D:8      | Killed Psyche
  6482 | D:8      | Found Zodd's Firing Range.
  6489 | D:8      | Noticed Gastronok
  6500 | D:8      | Killed Gastronok
  6501 | D:8      | Reached skill level 5 in Dodging
  6501 | D:8      | Reached skill level 12 in Unarmed Combat
  6501 | D:8      | Reached XP level 10. HP: 63/91 MP: 9/9
  6538 | D:8      | Bought 5 large rocks for 105 gold pieces
  6555 | D:8      | Reached skill level 5 in Throwing
  6578 | D:8      | Found a staircase to the Lair.
  6603 | D:8      | Reached skill level 5 in Shields
  6989 | D:8      | Found an ancient bone altar of Kikubaaqudgha.
  6995 | D:8      | Found a shimmering blue altar of Sif Muna.
  7166 | D:9      | Noticed Amaemon
  7166 | D:9      | Noticed an orange demon
  7175 | D:9      | Slain by an orange demon

Illustrated notes

Levels and vault maps discovered:
D:1:      dpeg_arrival_fog, layout_basic
D:2:      layout_basic, serial_shops, nicolae_shop_statue_plus,
          chequers_ecumenical_altar_island, st_stairs_14, uniq_jessica
D:3:      layout_loops_ring, fedhas_altar_3, grunt_ministairs_4
D:4:      layout_gridville, uniq_ijyb, uniq_edmund, uniq_menkaure,
          uniq_eustachio
D:5:      layout_cave_pools, uniq_prince_ribbit1, uniq_pikel,
          uniq_crazy_yiuf_cottage
D:6:      layout_gridville, tso_oasis_becter, minmay_temple_entry_stoned_glass
D:7:      layout_gridville, nicolae_gozag_zags_fifth_avenue, enter_bailey_4
D:8:      layout_basic, amethyst_overflow_temple_binary, amcnicky_altar_gilded,
          lair_entry_dummy, nicolae_shop_firing_range, uniq_psyche,
          uniq_gastronok
D:9:      layout_gridville, okawaru_gym_becter,
          mainiacjoe_overflow_cross_hatched, slow_altar_1,
          mainiacjoe_overflow_boulevard, nicolae_uskayaw_en_pointe,
          cheibrodos_ashenzari_chains, serial_rivers,
          chequers_serial_rivers_room_b, chequers_serial_rivers_micro_e,
          chequers_serial_rivers_micro_b, chequers_serial_rivers_micro_d,
          chequers_serial_rivers_micro_a, chequers_serial_rivers_small_3,
          uniq_amaemon
Temple:   jpeg_temple_alley_garden

Skill      XL: |  1  2  3  4  5  6  7  8  9 10 |
---------------+-------------------------------+-----
Unarmed Combat | 3 4 5 6 7 9 10 12 | 12.5
Throwing       | 2 4 5 |  5.0
Shields        | 3 4 5 |  5.0
Dodging        | 3 5 |  5.0
Fighting       | 3 |  3.6

Action                     |  1- 3 |  4- 6 |  7- 9 | 10-12 || total
---------------------------+-------+-------+-------+-------++-------
  Melee: Unarmed           |    74 |   194 |   255 |    41 ||   564
  Throw: Boomerang         |       |     1 |     3 |       ||     4
         Dart              |       |       |     1 |       ||     1
    Use: Scroll            |       |    12 |     3 |       ||    15
         Potion            |       |     1 |       |     3 ||     4
   Stab: Sleeping          |       |     1 |       |       ||     1
 Armour: Robe              |    32 |    60 |    33 |     2 ||   127
  Dodge: Dodged            |    24 |    73 |    87 |    23 ||   207
  Block: Kite shield       |    39 |    61 |    70 |     8 ||   178
